 Dungeon Crawl Stone Soup version 0.31-a0-984-gbfb7dba898 (webtiles) character file.

Game seed: 17236507988271710123

137 MacCMillion the Ruffian (level 5, -2/36 HPs)
             Began as an Octopode Shapeshifter on Nov 3, 2023.
             Killed from afar by an orc wizard (7 damage)
             ... with a magic dart
             ... on level 3 of the Dungeon.
             The game lasted 00:02:34 (2811 turns).

MacCMillion the Ruffian (Octopode Shapeshifter)     Turns: 2811, Time: 00:02:35

Health: -2/36      AC:  1    Str: 15    XL:     5   Next: 20%
Magic:  5/5        EV: 13    Int: 12    God:
Gold:   114        SH:  0    Dex: 12    Spells: 4/4 levels left

rFire   . .          .
                       - Unarmed
rCold   . . .        (no shield)
rNeg    . . .        (helmet currently unavailable)
rPois   .            (no amulet)
rElec   .            (no ring)
rCorr   .            (no ring)
SInv    .            (no ring)
Will    .....        (no ring)
Stlth   +++          (no ring)
HPRegen 0.26/turn    (no ring)
MPRegen 0.09/turn    (no ring)
                     (no ring)

%: no passive effects
@: beast-form
A: beast (slay +1), almost no armour, amphibious, 8 rings, camouflage 1,
gelatinous body 1, (nimble swimmer 1), tentacles
a: Begin Untransformation


You were on level 3 of the Dungeon.
You were a hulking beast.
You visited 1 branch of the dungeon, and saw 3 of its levels.

You collected 114 gold pieces.

Inventory:

Talismans
 b - a beast talisman
 c - a flux talisman
Scrolls
 e - a scroll of blinking {unknown}
 f - a scroll of identify {unknown}
 h - a scroll of enchant armour {unknown}
 j - a scroll of fog {unknown}
 k - 2 scrolls of silence {unknown}
 m - 3 scrolls of teleportation {unknown}
 r - 2 scrolls of amnesia {unknown}
Potions
 a - 3 potions of lignification
 d - 2 potions of degeneration {unknown}
 g - a potion of haste {unknown}
 i - a potion of might {unknown}
 l - a potion of invisibility {unknown}
 n - 2 potions of enlightenment {unknown}
 o - a potion of magic {unknown}
 p - 2 potions of curing {unknown}
 q - a potion of heal wounds {unknown}


   Skills:
 + Level 2.9 Fighting
 - Level 2.0 Dodging
 + Level 3.6 Stealth
 + Level 4.0 Unarmed Combat
 - Level 3.0 Shapeshifting


You had 4 spell levels left.
You didn't know any spells.
Your spell library was empty.

Dungeon Overview and Level Annotations

Branches:
Dungeon (3/15)

Altars:

Shops:
D:2 (


Innate Abilities, Weirdness & Mutations

You are a hulking beast.
Your limbs bulge with bestial killing power. (Slay +1)
You cannot wear most types of armour.
You are amphibious.
You can wear up to eight rings at the same time.
Your skin changes colour to match your surroundings (Stealth+).
Your rubbery body absorbs attacks. (AC +1, EV +1)
((You are camouflaged when in or above water. (Stealth+)))
You have tentacles for arms and can constrict up to eight enemies at once.


Message History

You have reached level 5!
You feel agile.
You barely miss the orc. Your grab misses the orc.
The orc hits you with a +0 dagger.
You are too injured to fight recklessly!
You are too injured to fight recklessly!
You are too injured to fight recklessly!
You are too injured to fight recklessly!
Unknown command.
You barely miss the orc. Your grab misses the orc. The orc closely misses you.
You completely miss the orc. Your grab misses the orc.
Your squeeze misses the orc.
An orc wizard comes into view. It is wielding a +0 dagger.
The orc hits you with a +0 dagger.
You closely miss the orc. You grab the orc. You constrict the orc.
The giant cockroach closely misses you.
You tentacle-slap the orc.
The orc is moderately wounded.
You constrict the orc. The orc misses you. The giant cockroach bites you.
You tentacle-slap the orc.
You kill the orc!
The giant cockroach barely misses you.
You tentacle-slap the giant cockroach. You grab the giant cockroach.
The giant cockroach is moderately wounded.
You constrict the giant cockroach. The giant cockroach bites you.
You bludgeon the giant cockroach!
You kill the giant cockroach!
Found a mace.
The orc wizard casts a spell.
The orc wizard flickers and vanishes!
Deactivating autopickup; reactivate with Ctrl-A.
A magic dart appears from out of thin air!
The magic dart hits you!
A magic dart appears from out of thin air!
The magic dart hits you!
* * * LOW HITPOINT WARNING * * *
There is a stone staircase leading up here.
A magic dart appears from out of thin air!
The magic dart hits you!
You die...

...####..# ##..†....#
##.......# ##.....##
##.###...############...##
##............[...# ##.##
##.###...########.# #.#
##.####.#########.####.#
.........##............#
.[.####..##.#####.######
#...###..##.....h.....#
.........########.###.#
#...####.# #.# #†# ##.##
.# #.# #.# #.# .# #.# #.#
#.# .# ###.###.###### #.#
.# #............# #.# .#
#.#{###.####.# #.. .#
#.#.# #.# #.#


There were no monsters in sight!

Vanquished Creatures
  Terence (D:2)
  An orc wizard (D:3)
  2 adders (D:2)
  A worm (D:2)
  An orc (D:3)
  4 ball pythons
  8 endoplasms
  5 giant cockroaches
  6 hobgoblins
  5 jackals
  4 kobolds
  2 quokkas
  6 bats
  2 frilled lizards (D:1)
  7 goblins
  5 rats
60 creatures vanquished.

Notes
Turn   | Place    | Note
-------+----------+-------------------------------------------
     0 | D:1      | MacCMillion the Octopode Shapeshifter began the quest for
                  | the Orb.
     0 | D:1      | Reached XP level 1. HP: 13/13 MP: 1/1
    43 | D:1      | Reached skill level 1 in Stealth
   150 | D:1      | Reached XP level 2. HP: 17/18 MP: 2/2
   492 | D:1      | Reached XP level 3. HP: 24/24 MP: 3/3
  1358 | D:2      | Found Makh's Antique Weapon Shoppe.
  1477 | D:2      | Noticed Terence
  1493 | D:2      | Killed Terence
  1494 | D:2      | Reached XP level 4. HP: 20/30 MP: 4/4
  2434 | D:2      | Identified the +2 cloak of Macaroni {Dex+8}
  2778 | D:3      | Reached skill level 4 in Unarmed Combat
  2778 | D:3      | Reached XP level 5. HP: 20/36 MP: 5/5
  2811 | D:3      | Killed from afar by an orc wizard

Illustrated notes

Levels and vault maps discovered:
D:1:      dpeg_arrival_rooms_a, layout_loops_cross,
          chequers_serial_rivers_large_b
D:2:      layout_loops_corners, serial_shops, nicolae_shop_tiny_statue_garden,
          serial_forest, infiniplex_forest_clump_large,
          infiniplex_forest_lined_2, infiniplex_forest_lined_3,
          infiniplex_forest_lined_corner, infiniplex_forest_lined_2,
          infiniplex_forest_clump_medium, infiniplex_forest_clump_long,
          st_stairs_2, minmay_circle_x, uniq_terence
D:3:      layout_loops_ring, nicolae_underground_beach

Skill      XL: |  1  2  3  4 |
---------------+-------------+-----
Stealth        | 1 2 3 |  3.6
Fighting       | 2 |  2.9
Unarmed Combat | 4 |  4.0
Dodging        | |  2.0
Shapeshifting  | |  3.0

Action                     |  1- 3 |  4- 6 || total
---------------------------+-------+-------++-------
  Melee: Unarmed           |    72 |    49 ||   121
         Constrict         |    16 |     9 ||    25
         Tentacles         |    18 |     8 ||    26
         Punch             |     1 |     1 ||     2
   Stab: Sleeping          |    12 |     1 ||    13
 Armour: Skin              |    23 |    29 ||    52
  Dodge: Dodged            |    31 |    28 ||    59

Table legend: (Time is in decaauts)
 A = Elapsed time spent in this place.
 B = Non-inter-level travel time spent in this place.
 C = Inter-level travel time spent in this place.
 D = Time resting spent in this place.
 E = Time spent auto-exploring this place.
 F = Levels seen in this place.
 G = Mean time per level.
                   A        B        C        D        E       F      G
               +--------+--------+--------+--------+--------+-----+--------+
         Total |   2802 |   2735 |     67 |    594 |   1722 |   3 |  934.0 |
       Dungeon |   2802 |   2735 |     67 |    594 |   1722 |   3 |  934.0 |
               +--------+--------+--------+--------+--------+-----+--------+

Top non-repeatable levels by time:
     D:2: 1666 daAuts
     D:1: 865 daAuts
     D:3: 270 daAuts
